AoeStats
← dael_lv

Arabian Desert

509399475Analyzed
1v1 RM · 5d ago on Sep 26, 2026· 21m 7s· 2 players
Game mode
Random Map
Map size
Tiny (2 player)
Population
200
Speed
Normal
Resources
Standard
Victory
Conquest
Starting age
Dark Age
Ending age
Imperial Age
RankedLock teamsTeams togetherTeam positionsShared explorationLock speedFull tech treeHidden civsTurbo modeCheats
Victory
Defeat
🇪🇸 Spanish · Spain
331
+19
🇲🇽 Franks · Mexico
391
-19
Pottaro
0:40 Loom
11:07 Feudal Age
11:40 Double-Bit Axe
11:38 Horse Collar
12:39 Wheelbarrow
16:38 Gold Mining
18:19 Bloodlines
19:07 Forging
18:59 Scale Mail Armor
19:10 Arson
19:40 Fletching
19:51 Padded Archer Armor
dael_lv
Connection lost

Rejoining the realm…

Still unreachable

The connection could not be restored.

Session expired

The server has moved on; the page needs a fresh start.